 Dungeon Crawl Stone Soup version 0.28.0-45-g0d030f2227 (webtiles) character file.

Game seed: 8935142612446113540

79 MisterFreud the Covert (level 4, -3/41 HPs)
             Began as a Gnoll Delver on May 17, 2022.
             Slain by an orc
             ... wielding a +0 trident
              (9 damage)
             ... on level 3 of the Dungeon.
             The game lasted 00:02:06 (1780 turns).

MisterFreud the Covert (Gnoll Delver)               Turns: 1780, Time: 00:02:06

Health: -3/41      AC:  3    Str: 11    XL:     4   Next: 37%
Magic:  5/5        EV: 13    Int: 12    God:
Gold:   84         SH:  0    Dex: 13    Spells: 5/5 levels left

rFire   . . .      SeeInvis .   a - +0 short sword
rCold   . . .      Faith    .   (no shield)
rNeg    . . .      Spirit   .   b - +0 leather armour
rPois   .          Reflect  .   (no helmet)
rElec   .          Harm     .   (no cloak)
rCorr   .          Rampage  .   (no gloves)
Will    .....                   (no boots)
Stlth   ++........              (no amulet)
HPRegen 0.13/turn               (no ring)
MPRegen 0.09/turn               (no ring)

@: confused
A: fangs 1, strong nose, distributed training
a: no special abilities


You were on level 3 of the Dungeon.
You visited 1 branch of the dungeon, and saw 6 of its levels.

You collected 84 gold pieces.

Inventory:

Hand Weapons
 a - a +0 short sword (weapon)
 o - the +1 broad axe of Foukhlie {vorpal, rF+ rC+ rCorr Int-3}
   (You found it on level 2 of the Dungeon)

   It inflicts extra damage upon your enemies.
   Int:       It affects your intelligence (-3).
   rF:        It protects you from fire.
   rC:        It protects you from cold.
   rCorr:     It protects you from acid and corrosion.
Missiles
 h - 6 boomerangs (quivered)
Armour
 b - a +0 leather armour (worn)
Wands
 g - a wand of digging (3)
 i - a wand of flame (22)
Scrolls
 c - a scroll of fog
 d - a scroll of magic mapping
 e - a scroll of fear
 l - 2 scrolls of blinking {unknown}
 m - a scroll of enchant armour {unknown}
 n - a scroll of identify {unknown}
Potions
 f - a potion of haste
 j - 2 potions of brilliance {unknown}
 k - a potion of mutation {unknown}


   Skills:
 + Level 6.6 Fighting
 + Level 4.6 Short Blades
 + Level 1.1 Long Blades
 + Level 1.1 Axes
 + Level 1.1 Maces & Flails
 + Level 1.1 Polearms
 + Level 1.1 Staves
 + Level 1.1 Slings
 + Level 1.1 Bows
 + Level 1.1 Crossbows
 + Level 1.1 Throwing
 + Level 1.1 Armour
 + Level 4.6 Dodging
 + Level 9.6 Stealth
 + Level 1.1 Shields
 + Level 1.1 Unarmed Combat
 + Level 1.1 Spellcasting
 + Level 0.8 Conjurations
 + Level 0.8 Hexes
 + Level 0.8 Summonings
 + Level 0.8 Necromancy
 + Level 0.8 Translocations
 + Level 0.8 Transmutations
 + Level 0.8 Fire Magic
 + Level 0.8 Ice Magic
 + Level 0.8 Air Magic
 + Level 0.8 Earth Magic
 + Level 0.8 Poison Magic
 + Level 1.2 Invocations
 + Level 1.1 Evocations


You had 5 spell levels left.
You didn't know any spells.
Your spell library contained the following spells:

 Spells                   Type           Power      Damage    Failure   Level
 Summon Ice Beast         Ice/Summ       2%         N/A       95%         4
 Summon Mana Viper        Hex/Summ       2%         N/A       100%        5
 Monstrous Menagerie      Summ           1%         N/A       100%        7


Dungeon Overview and Level Annotations

Branches:
Dungeon (6/15)
 Temple: D:4-7

Altars:


Innate Abilities, Weirdness & Mutations

You have very sharp teeth.
Your uncanny sense of smell can sniff out nearby items.
Your experience applies equally to all skills.


Message History

The orc hits you from afar with a +0 trident.
You miss something. Something hits you. The orc misses you.
You hit something. Something hits you. The orc closely misses you.
You hit something but do no damage. Something hits you. The orc misses you.
You are too injured to fight recklessly!
You hit something. Something hits you. The orc misses you.
You miss something. Your bite misses something. Something hits you.
The orc hits you from afar with a +0 trident.
You barely miss something. You hit something but do no damage.
Something hits you. The orc misses you.
You hear some strange, mumbled words.
You are confused.
You hear some strange, mumbled words.
You are more confused.
The orc misses you.
The adder hisses angrily.
You bump into the rock wall.
You hear some strange, mumbled words.
You are more confused.
The orc hits you but does no damage.
You bump into the rock wall.
Something hits you. The orc hits you but does no damage.
You're too confused to move!
You hear some strange, mumbled words.
Something tries to affect you, but you resist.
The orc barely misses you.
You hit something. You bite something.
Reactivating autopickup.
You feel a bit more experienced. The orc closely misses you.
You have reached level 4!
You feel clever. The orc barely misses you.
Things that are here:
a +0 dagger; a +0 robe; an orc corpse You bump into the rock wall.
The orc hits you but does no damage.
You hit the orc but do no damage. You bite the orc, but do no damage.
The orc hits you with a +0 trident!
* * * LOW HITPOINT WARNING * * *
You bump into the rock wall.
The orc hits you with a +0 trident!
You die...

#.. ......
#.#######.....
∆#<........#
#.#.......#.###
#.#.>..........
#<#oS..........
###o#..o..#'###
#o#.##......
#@#.# .......
#.#.# .......
#.#.# .......
..#.# .......
####.# ∆


You could see an adder and 3 orcs.

Vanquished Creatures
  An orc wizard (D:3)
  An adder (D:2)
  A howler monkey skeleton (D:5)
  An orc (D:3)
  5 ball pythons
  3 endoplasms
  3 giant cockroaches (D:1)
  4 goblins
  5 hobgoblins
  2 kobolds
  3 bats
  A frilled lizard (D:2)
  2 rats
32 creatures vanquished.

Notes
Turn   | Place    | Note
-------+----------+-------------------------------------------
     0 | D:5      | Reached skill level 9 in Stealth
     0 | D:5      | MisterFreud the Gnoll Delver began the quest for the Orb.
     0 | D:5      | Reached XP level 1. HP: 23/23 MP: 1/1
   108 | D:5      | Reached XP level 2. HP: 29/29 MP: 2/2
   198 | D:2      | Reached XP level 3. HP: 35/35 MP: 3/3
   372 | D:1      | Found a faded altar of an unknown god.
   803 | D:1      | Reached skill level 1 in Invocations
  1509 | D:2      | Reached skill level 1 in Long Blades
  1509 | D:2      | Reached skill level 1 in Axes
  1509 | D:2      | Reached skill level 1 in Maces & Flails
  1509 | D:2      | Reached skill level 1 in Polearms
  1509 | D:2      | Reached skill level 1 in Staves
  1509 | D:2      | Reached skill level 1 in Slings
  1509 | D:2      | Reached skill level 1 in Bows
  1509 | D:2      | Reached skill level 1 in Crossbows
  1509 | D:2      | Reached skill level 1 in Throwing
  1509 | D:2      | Reached skill level 1 in Armour
  1509 | D:2      | Reached skill level 1 in Shields
  1509 | D:2      | Reached skill level 1 in Unarmed Combat
  1509 | D:2      | Reached skill level 1 in Spellcasting
  1509 | D:2      | Reached skill level 1 in Evocations
  1620 | D:2      | Identified the +1 broad axe of Foukhlie {vorpal, rF+ rC+
                  | rCorr Int-3}
  1777 | D:3      | Reached XP level 4. HP: 14/41 MP: 5/5
  1780 | D:3      | Slain by an orc

Illustrated notes

Levels and vault maps discovered:
D:1:      erik_arrival_orb_chamber, layout_loops_corners, serial_aquarium,
          aquarium_bridge_square [aquarium_subvault_window,
          aquarium_subvault_bridge, aquarium_subvault_wall,
          aquarium_subvault_wall], aquarium_window_1, aquarium_window_1,
          aquarium_view_2f, aquarium_balcony_3b, aquarium_pool_corner,
          shapermc_ecumenical_altar_venn
D:2:      layout_rooms, hex_tiny, st_stairs_6, glass_columns_a,
          chequers_serial_rivers_micro_c, kennysheep_minor_cross
D:3:      kennysheep_goblin_castle, layout_basic, minmay_quadrilaterals,
          uniq_natasha
D:4:      lemuel_castle_with_subvaults [lemuel_castle_interior_carwin_2],
          layout_loops_ring, slow_altar_1, temple_doors_cd, serial_shops, shop,
          kennysheep_generic_room_3
D:5:      layout_cave_pods, serial_shops, kennysheep_mini
D:6:      layout_basic, uniq_edmund

Skill      XL: |  1  2  3 |
---------------+----------+-----
Stealth        | |  9.6
Invocations    | 1 |  1.2
Long Blades    | 1 |  1.1
Axes           | 1 |  1.1
Maces & Flails | 1 |  1.1
Polearms       | 1 |  1.1
Staves         | 1 |  1.1
Slings         | 1 |  1.1
Bows           | 1 |  1.1
Crossbows      | 1 |  1.1
Throwing       | 1 |  1.1
Armour         | 1 |  1.1
Shields        | 1 |  1.1
Unarmed Combat | 1 |  1.1
Spellcasting   | 1 |  1.1
Evocations     | 1 |  1.1
Fighting       | |  6.6
Short Blades   | |  4.6
Dodging        | |  4.6
Conjurations   | |  0.8
Hexes          | |  0.8
Summonings     | |  0.8
Necromancy     | |  0.8
Translocations | |  0.8
Transmutations | |  0.8
Fire Magic     | |  0.8
Ice Magic      | |  0.8
Air Magic      | |  0.8
Earth Magic    | |  0.8
Poison Magic   | |  0.8

Action                   |  1- 3 |  4- 6 || total
-------------------------+-------+-------++-------
Melee: Short sword       |    82 |     1 ||    83
       Bite              |     7 |     1 ||     8
       Punch             |     1 |       ||     1
 Stab: Sleeping          |    11 |       ||    11
Armor: Leather armour    |    18 |     1 ||    19
Dodge: Dodged            |    34 |     1 ||    35
